 Dungeon Crawl Stone Soup version 0.30-a0-834-g1789cb1 (webtiles) character file.

Game seed: 7023679758448695874

1971 Illumine the Cleaver (level 9, -3/75 HPs)
             Began as a Hill Orc Reaver on Mar 1, 2023.
             Was a Believer of Ru.
             Slain by an ogre
             ... wielding a +0 giant club
              (28 damage)
             ... on level 6 of the Dungeon.
             The game lasted 00:11:06 (6629 turns).

Illumine the Cleaver (Hill Orc Reaver)              Turns: 6629, Time: 00:11:06

Health: -3/75      AC: 12    Str: 19 (22) XL:     9   Next: 20%
Magic:  13/13      EV: 10    Int: 17 (18) God:    Ru [**....]
Gold:   510        SH:  4    Dex:  7 (9)  Spells: 8/14 levels left

rFire   + . .      SeeInvis .    e - +0 broad axe
rCold   . . .      Faith    .    r - +0 buckler of Unreason {Will++ Str+3 Int+5}
rNeg    . . .      Spirit   .    u - +3 ring mail {rF+}
rPois   .          Reflect  .    s - +0 helmet
rElec   .          Harm     .    (no cloak)
rCorr   .          Rampage  .    q - +1 Delatra's gloves {ID++}
Will    ++...                    (no boots) Stlth
                                 (no amulet)
HPRegen 0.32/turn                (no ring)
MPRegen 0.13/turn                (no ring)

@: on berserk cooldown
A: hated by all
a: Renounce Religion


You were on level 6 of the Dungeon.
You worshipped Ru.
Ru was pleased with you.
You visited 1 branch of the dungeon, and saw 6 of its levels.

You collected 510 gold pieces.

Inventory:

Hand Weapons
 e - a +0 broad axe (weapon)
Missiles
 a - 23 poisoned darts (quivered)
 d - 2 curare-tipped darts
 x - a throwing net
Armour
 b - a +0 leather armour
 q - the +1 Delatra's gloves (worn) {ID++}
   (You found it on level 3 of the Dungeon)

   ID++:      It heals its wearer when they drink unknown potions, and restores
   their MP when they read unknown scrolls.
 r - the +0 buckler of Unreason (worn) {Will++ Str+3 Int+5}
   (You found it on level 3 of the Dungeon)

   Str:       It affects your strength (+3).
   Int:       It affects your intelligence (+5).
   Will:      It greatly increases your willpower.
 s - a +0 helmet (worn)
 u - a +3 ring mail of fire resistance (worn)
Jewellery
 h - a ring of resist corrosion
 y - a ring of see invisible
Wands
 t - a wand of mindburst (11)
 C - a wand of charming (8)
Scrolls
 f - 9 scrolls of identify {unknown}
 i - a scroll of brand weapon {unknown}
 j - 2 scrolls of enchant armour {unknown}
 k - a scroll of fear {unknown}
 m - 6 scrolls of noise {unknown}
 n - a scroll of enchant weapon {unknown}
 p - a scroll of silence {unknown}
 v - a scroll of poison {unknown}
 A - 2 scrolls of blinking {unknown}
Potions
 c - 7 potions of curing
 g - a potion of berserk rage
 l - a potion of attraction
 o - a potion of degeneration
 w - 2 potions of invisibility {unknown}
 z - a potion of ambrosia {unknown}
 B - 2 potions of lignification {unknown}


   Skills:
 + Level 5.8 Fighting
 * Level 10.1 Axes
 + Level 4.7 Armour
 - Level 2.0 Dodging
 - Level 4.0 Shields
 - Level 3.0 Spellcasting
 - Level 4.1 Conjurations
 - Level 2.0 Translocations
 - Level 0.3 Ice Magic


You had 8 spell levels left.
You knew the following spells:

 Your Spells              Type           Power      Damage    Failure   Level
a - Kiss of Death         Conj/Necr      36%        2d8       16%         1
b - Momentum Strike       Conj/Tloc      26%        3d8       16%         2
c - Hailstorm             Conj/Ice       10%        3d5       41%         3

Your spell library contained the following spells:

 Spells                   Type           Power      Damage    Failure   Level
 Magic Dart               Conj           64%        1d6       7%          1
 Shock                    Conj/Air       36%        1d5       16%         1
 Sting                    Tmut/Pois      8%         1d3       36%         1
 Poisonous Vapours        Pois/Air       4%         N/A       50%         2
 Mephitic Cloud           Conj/Pois/Air  7%         N/A       54%         3
 Swiftness                Air            2%         N/A       73%         3
 Airstrike                Air            1%         2d(1-17)  98%         4
 Olgreb's Toxic Radiance  Pois           2%         N/A       98%         4
 Call Imp                 Summ           Unusable   N/A       N/A         2

Dungeon Overview and Level Annotations

Branches:
Dungeon (6/15)
 Temple: D:4-7

Altars:
Cheibriados
Dithmenos
Ru
The Shining One

Shops:
D:3 *   D:6 (


Innate Abilities, Weirdness & Mutations

You are hated by all.


Message History

Dowan casts a spell.
Dowan blinks!
You hit the orc.
The orc is moderately wounded.
The orc barely misses you.
You hit the orc but do no damage.
The orc is moderately wounded.
The orc hits you with a +0 mace. The orc closely misses you.
You closely miss the orc.
The orc is moderately wounded.
The orc closely misses you. The orc hits you but does no damage.
You slash the orc!
You kill the orc!
Dowan begins to cast a spell, but is stunned by your conviction!
You redirect Dowan's attack!
You block Dowan's attack.
You closely miss Dowan. Dowan closely misses you. Dowan barely misses you.
Dowan hits you but does no damage.
You closely miss Dowan. Dowan barely misses you. Dowan casts a spell at you.
The stone arrow hits you!
You slash Dowan!
Dowan is severely wounded.
Dowan hits you but does no damage.
Dowan points at you and mumbles some strange words.
The stone arrow misses you. Dowan hits you with a +0 dagger.
You slash Dowan!
Dowan is almost dead.
Dowan hits you but does no damage.
Dowan gestures wildly while chanting.
Dowan blinks!
Throw: 24 darts (poison)
Press: ? - help, Q - select action, (/) - cycle Shift-Dir - straight line, f - Dowan
Aim: Dowan, wielding a +0 dagger and wearing a +0 robe (almost dead, fast, 41% to hit)
You throw a poisoned dart. The poisoned dart hits Dowan.
Dowan is poisoned.
Dowan is almost dead.
You feel yourself speed up.
You kill Dowan!
The ogre hits you with a +0 giant club!!
You die...

##########.##.....#...#
#...#..###.#...#
##.##..####...#.##
##.)#..##.........##
#..#..###.#####.....
#.......# ###.##
#.#.##### #.## #.#.#
#.## #@..# #..#
>...(.O#### ##..
......) ### .......
..)...# #..... ......
......


You could see an ogre.

Vanquished Creatures
  A steam dragon (D:5)
  Duvessa (D:6)
  An orc warrior (D:6)
  4 ogres
  A kobold brigand (D:6)
  4 scorpions
  9 wights (D:6)
  Dowan (D:6)
  A jelly (D:6)
  2 hounds
  An orc priest (D:6)
  2 iguanas
  Ijyb (D:3)
  3 orc wizards (D:6)
  Robin (D:3)
  10 adders
  2 worms
  A dart slug (D:2)
  15 orcs
  8 endoplasms
  6 giant cockroaches
  10 hobgoblins
  6 jackals
  13 kobolds
  A quokka (D:4)
  3 ball pythons
  10 bats
  6 frilled lizards
  15 goblins
  6 rats
145 creatures vanquished.

Vanquished Creatures (others)
  2 orc wizards (D:6)
2 creatures vanquished.

Grand Total: 147 creatures vanquished

Notes
Turn   | Place    | Note
-------+----------+-------------------------------------------
     0 | D:1      | Illumine the Hill Orc Reaver began the quest for the Orb.
     0 | D:1      | Reached XP level 1. HP: 18/18 MP: 3/3
   176 | D:1      | Reached XP level 2. HP: 19/25 MP: 4/4
   202 | D:1      | Learned a level 2 spell: Momentum Strike
   512 | D:1      | Reached skill level 1 in Armour
   942 | D:1      | Reached XP level 3. HP: 30/30 MP: 5/5
  1277 | D:2      | Reached XP level 4. HP: 38/38 MP: 6/6
  1420 | D:2      | Reached skill level 5 in Axes
  2158 | D:2      | Found a faded altar of an unknown god.
  2306 | D:3      | Found Ver Inio's General Store.
  2368 | D:3      | Found the +1 Delatra's gloves {ID++}
  2441 | D:3      | Identified the +0 buckler of Unreason {Will++ Str+3 Int+5}
  2595 | D:3      | Noticed Ijyb
  2631 | D:3      | Killed Ijyb
  2632 | D:3      | Reached skill level 1 in Translocations
  2632 | D:3      | Reached XP level 5. HP: 33/43 MP: 4/7
  3373 | D:3      | Noticed Robin
  3388 | D:3      | Killed Robin
  3700 | D:4      | Reached skill level 1 in Shields
  3724 | D:4      | Reached XP level 6. HP: 51/51 MP: 9/9
  3845 | D:4      | Reached skill level 6 in Axes
  3972 | D:4      | Found a sacrificial altar of Ru.
  3973 | D:4      | Found a shadowy altar of Dithmenos.
  3977 | D:4      | Became a worshipper of Ru the Awakened
  4017 | D:4      | Found a blossoming altar of Fedhas.
  4447 | D:5      | Entered Level 5 of the Dungeon
  4541 | D:5      | Reached XP level 7. HP: 26/57 MP: 8/10
  4561 | D:5      | Learned a level 3 spell: Hailstorm
  4711 | D:5      | Found a snail-covered altar of Cheibriados.
  4738 | D:5      | Reached skill level 7 in Axes
  5379 | D:5      | HP: 2/57 [ogre/+0 giant spiked club (24)]
  5600 | D:6      | Gained mutation: You are hated by all. [Ru sacrifice]
  5600 | D:6      | Reached * piety under Ru
  5600 | D:6      | Reached ** piety under Ru
  5665 | D:6      | Reached XP level 8. HP: 27/66 MP: 7/11
  5814 | D:6      | Reached skill level 8 in Axes
  6026 | D:6      | Reached skill level 9 in Axes
  6047 | D:6      | Reached skill level 5 in Fighting
  6300 | D:6      | Found Daof's Antique Weapon Boutique.
  6375 | D:6      | Reached XP level 9. HP: 69/74 MP: 13/13
  6521 | D:6      | Found a glowing golden altar of the Shining One.
  6556 | D:6      | Noticed Duvessa
  6557 | D:6      | Noticed Dowan
  6563 | D:6      | Killed Duvessa
  6600 | D:6      | Reached skill level 10 in Axes
  6629 | D:6      | Killed Dowan
  6629 | D:6      | Slain by an ogre

Illustrated notes

Levels and vault maps discovered:
D:1:      lightli_arrival_windingriver, layout_basic, minmay_unequal
D:2:      kennysheep_the_goblin_king, layout_basic,
          hellmonk_ecumenical_altar_heavens_door
D:3:      layout_basic, serial_shops, nicolae_square_shop, uniq_robin, uniq_ijyb
D:4:      layout_basic, fedhas_altar_fruit_tree,
          gammafunk_temple_overflow_statue
D:5:      layout_basic, mainiacjoe_overflow_alcove_1,
          yredelemnul_forgotten_temple_becter, serial_glass, glass_columns_a,
          glass_columns_b, glass_columns_c, glass_columns_a, glass_columns_c,
          glass_columns_c, glass_columns_a, glass_columns_b, glass_columns_c,
          glass_columns_a, glass_columns_a, glass_columns_a, glass_columns_b,
          glass_columns_a, feat_on_display, due_unseen_surprise,
          item_on_display_a
D:6:      layout_rooms, mainiacjoe_overflow_alcove_2, lemuel_doored_altar,
          minmay_temple_entry_fiery, serial_shops, shop,
          eino_small_chamber_without_monster, uniq_duvessa

Skill      XL: |  1  2  3  4  5  6  7  8  9 |
---------------+----------------------------+-----
Armour         | 1 2 4 |  4.7
Fighting       | 3 5 |  5.8
Axes           | 5 6 7 9 10 | 10.1
Translocations | 1 2 |  2.0
Spellcasting   | 2 3 |  3.0
Dodging        | 2 |  2.0
Shields        | 1 2 3 4 |  4.0
Conjurations   | 4 |  4.1
Ice Magic      | |  0.3

Action                     |  1- 3 |  4- 6 |  7- 9 || total
---------------------------+-------+-------+-------++-------
  Melee: Hand axe          |    30 |       |       ||    30
         Broad axe         |    83 |   204 |   221 ||   508
         Punch             |     1 |       |       ||     1
  Throw: Dart              |       |       |     2 ||     2
   Cast: Momentum Strike   |       |     5 |    14 ||    19
         Kiss of Death     |       |     1 |       ||     1
 Invoke: Sacrifice Love    |       |       |     1 ||     1
    Use: Potion            |       |     1 |     3 ||     4
   Stab: Invisible         |       |       |     1 ||     1
 Armour: Leather armour    |    38 |    54 |       ||    92
         Ring mail         |       |    51 |   112 ||   163
  Dodge: Dodged            |    85 |   133 |   101 ||   319
  Block: Buckler           |       |    28 |    32 ||    60

Table legend: (Time is in decaauts)
 A = Elapsed time spent in this place.
 B = Non-inter-level travel time spent in this place.
 C = Inter-level travel time spent in this place.
 D = Time resting spent in this place.
 E = Time spent auto-exploring this place.
 F = Levels seen in this place.
 G = Mean time per level.
                   A        B        C        D        E       F      G
               +--------+--------+--------+--------+--------+-----+--------+
         Total |   6785 |   6573 |    212 |   1217 |   4030 |   6 | 1130.8 |
       Dungeon |   6785 |   6573 |    212 |   1217 |   4030 |   6 | 1130.8 |
               +--------+--------+--------+--------+--------+-----+--------+

Top non-repeatable levels by time:
     D:3: 1350 daAuts
     D:5: 1303 daAuts
     D:2: 1292 daAuts
     D:1: 1057 daAuts
     D:6: 931 daAuts
     D:4: 848 daAuts
